 Dungeon Crawl Stone Soup version 0.30-a0-715-gdb4ae3ece1 (webtiles) character file.

Game seed: 13970035562336673582

24 wormed the Sneak (level 3, 30/30 HPs)
             Began as a Naga Fire Elementalist on Jan 25, 2023.
             Quit the game on level 2 of the Dungeon.
             The game lasted 00:02:11 (903 turns).

wormed the Sneak (Naga Fire Elementalist)            Turns: 903, Time: 00:02:12

Health: 30/30      AC:  2    Str: 10    XL:     3   Next: 2%
Magic:  3/6        EV:  9    Int: 15    God:
Gold:   100        SH:  5    Dex: 13    Spells: 3/6 levels left

rFire   . . .      SeeInvis +    j - +1 dagger (speed)
rCold   . . .      Faith    .    (no shield)
rNeg    . . .      Spirit   .    g - +0 leather armour
rPois   +          Reflect  +    (no helmet)
rElec   .          Harm     .    (no cloak)
rCorr   .          Rampage  .    (no gloves)
Will    .....                    (no barding)
Stlth   ++                       a - amulet of reflection
HPRegen 0.25/turn                (no ring)
MPRegen 0.10/turn                (no ring)

@: very slow
A: AC +1, large, see invisible, deformed body, poison resistance, slowness 2,
spit poison 1, naga tail 1
a: Spit Poison


You were on level 2 of the Dungeon.
You visited 1 branch of the dungeon, and saw 2 of its levels.

You collected 100 gold pieces.

Inventory:

Hand Weapons
 f - a +0 short sword
 j - a +1 dagger of speed (weapon)
Armour
 g - a +0 leather armour (worn)
Jewellery
 a - an amulet of reflection (around neck)
 m - a ring of ice
Scrolls
 c - a scroll of fog {unknown}
 d - a scroll of enchant weapon {unknown}
 e - 2 scrolls of identify {unknown}
 i - 3 scrolls of amnesia {unknown}
Potions
 b - a potion of magic
 h - a potion of lignification {unknown}
 k - a potion of mutation {unknown}
 l - a potion of degeneration {unknown}


   Skills:
 + Level 0.9 Fighting
 - Level 1.5 Dodging
 + Level 3.5 Stealth
 + Level 2.2 Spellcasting
 + Level 1.4 Conjurations
 + Level 3.2 Fire Magic


You had 3 spell levels left.
You knew the following spells:

 Your Spells              Type           Power      Damage    Failure   Level
a - Foxfire               Conj/Fire      32%        2x1d5     11%         1
b - Scorch                Fire           22%        2d6       12%         2

Your spell library contained the following spells:

 Spells                   Type           Power      Damage    Failure   Level
 Inner Flame              Hex/Fire       6%         N/A       41%         3
 Kindle Blastsparks       Fire/Tloc/Air  8%         2d10      50%         3
 Flame Wave               Conj/Fire      8%         2d5       73%         4


Dungeon Overview and Level Annotations

Branches:
Dungeon (2/15)

Altars:


Innate Abilities, Weirdness & Mutations

Your serpentine skin is tough. (AC +1)
You have supernaturally acute eyesight. (SInv)
Armour fits poorly on your strangely shaped body.
Your system is resistant to poisons. (rPois)
You cover ground very slowly.
You can spit poison.
You have a snake-like lower body.


Message History

Casting: Foxfire (safe; 12% risk of failure)
Confirm with . or Enter, or press ? or * to list all spells.
You conjure some foxfire!
The goblin hits you with a +0 club.
You closely miss the goblin.
The goblin is severely wounded.
The foxfire hits the goblin.
You kill the goblin!
Your foxfire dissipates!
Your magical contamination has completely faded away.
A rat is nearby!
A rat is nearby!
A rat is nearby!
Casting: Foxfire (safe; 12% risk of failure)
Confirm with . or Enter, or press ? or * to list all spells.
You conjure some foxfire!
You hit the rat.
You kill the rat!
No target in view!
No target in view!
A goblin comes into view. It is wielding a +0 club.
A goblin is nearby!
A goblin is nearby!
A goblin is nearby!
The foxfire hits the goblin.
The goblin is severely wounded.
You hit the goblin.
You kill the goblin!
You have reached level 3!
Your experience leads to an increase in your attributes!
Increase (S)trength, (I)ntelligence, or (D)exterity?
You feel agile. x2; Your skin feels tougher.
A bat comes into view.
A bat is nearby!
A bat is nearby!
A bat is nearby!
Found a club.
Casting: Foxfire (safe; 11% risk of failure)
Confirm with . or Enter, or press ? or * to list all spells.
You conjure some foxfire!
Are you sure you want to abandon this character and quit the game? (Confirm with "yes".)

......)........ .
.....###....# #..
..........####...#
...[.#...##......
.............#.# #
##...#......#..# ###.# .
#.##....[###.####?......
##...........b.#v..##....
#..#..##.††##...@).......
.....####..##...v.)#)...
###.## #..##...#### . #.#
##....#.## #.####..##...#
##.##...####..##
#.....######.....
#..............###
#.##########.###


You could see a bat (ally target).

Vanquished Creatures
  2 bats
  An endoplasm (D:2)
  2 giant cockroaches
  3 goblins
  6 hobgoblins
  A quokka (D:2)
  2 ball pythons (D:1)
  2 frilled lizards (D:1)
  A kobold (D:2)
  A rat (D:2)
21 creatures vanquished.

Vanquished Creatures (others)
  32 foxfires
32 creatures vanquished.

Grand Total: 53 creatures vanquished

Notes
Turn   | Place    | Note
-------+----------+-------------------------------------------
     0 | D:1      | wormed the Naga Fire Elementalist began the quest for the
                  | Orb.
     0 | D:1      | Reached XP level 1. HP: 15/15 MP: 3/3
   309 | D:1      | Reached XP level 2. HP: 24/24 MP: 5/5
   517 | D:1      | Learned a level 2 spell: Scorch
   543 | D:1      | Found a faded altar of an unknown god.
   676 | D:2      | Identified the +6 spear of Circularity {heavy, rElec rF+
                  | Str+4 Int-3}
   887 | D:2      | Reached XP level 3. HP: 26/30 MP: 3/6
   903 | D:2      | Quit the game

Illustrated notes

Levels and vault maps discovered:
D:1:      dpeg_arrival_simpleton_c, layout_loops_ring,
          dreamdust_ecumenical_altar_sealed_demon
D:2:      layout_rooms, uniq_jessica, uniq_crazy_yiuf_cottage

Action                     || total
---------------------------++-------
  Melee: Short sword       ||    28
         Dagger            ||    13
   Cast: Foxfire           ||    20
   Stab: Sleeping          ||     3
 Armour: Leather armour    ||     9
         Robe              ||     1
  Dodge: Dodged            ||    15
  Block: Other             ||     3

Table legend: (Time is in decaauts)
 A = Elapsed time spent in this place.
 B = Non-inter-level travel time spent in this place.
 C = Inter-level travel time spent in this place.
 D = Time resting spent in this place.
 E = Time spent auto-exploring this place.
 F = Levels seen in this place.
 G = Mean time per level.
                   A        B        C        D        E       F      G
               +--------+--------+--------+--------+--------+-----+--------+
         Total |   1146 |   1124 |     22 |      0 |    873 |   2 |  573.0 |
       Dungeon |   1146 |   1124 |     22 |      0 |    873 |   2 |  573.0 |
               +--------+--------+--------+--------+--------+-----+--------+

Top non-repeatable levels by time:
     D:1: 881 daAuts
     D:2: 265 daAuts
